 Dungeon Crawl Stone Soup version 0.28.0-53-g5a82cb258f (webtiles) character file.

Game seed: 1610726755663515908

583 jjjjhere the Chiller (level 7, -8/36 HPs)
             Began as a Gargoyle Ice Elementalist on Aug 16, 2022.
             Mangled by a yak (10 damage)
             ... on level 5 of the Dungeon.
             The game lasted 00:06:59 (4764 turns).

jjjjhere the Chiller (Gargoyle Ice Elementalist)    Turns: 4764, Time: 00:06:59

Health: -8/36      AC: 16    Str: 11    XL:     7   Next: 37%
Magic:  5/14       EV: 11    Int: 20    God:
Gold:   133        SH:  0    Dex: 10    Spells: 4/15 levels left

rFire   . . .      SeeInvis .   b - +0 dagger (elec)
rCold   + . .      Faith    .   (no shield)
rNeg    + . .      Spirit   .   a - +0 robe
rPois   ∞          Reflect  .   (no helmet)
rElec   +          Harm     .   (no cloak)
rCorr   .          Rampage  .   (no gloves)
Will    .....                   n - +1 pair of boots
Stlth   ++........              (no amulet)
HPRegen 0.12/turn               (no ring)
MPRegen 0.14/turn               (no ring)

@: ice-armoured, freezing walls, attractive
A: sickness immunity, AC +4, negative energy resistance 1, electricity
resistance, torment resistance 1, petrification resistance, clever 1, cold
resistance 1, deterioration 1
a: no special abilities


You were on level 5 of the Dungeon.
You visited 1 branch of the dungeon, and saw 5 of its levels.

You collected 133 gold pieces.

Inventory:

Hand Weapons
 b - a +0 dagger of electrocution (weapon)
 g - a +0 short sword
 m - a +0 dagger of venom
Missiles
 c - 159 stones
 j - 2 poisoned darts
Armour
 a - a +0 robe (worn)
 n - a +1 pair of boots (worn)
Magical Staves
 l - a staff of air
Scrolls
 e - 2 scrolls of vulnerability {unknown}
 f - 3 scrolls of identify {unknown}
 h - 6 scrolls of teleportation {unknown}
 p - a scroll of amnesia {unknown}
 q - a scroll of magic mapping {unknown}
Potions
 d - a potion of resistance {unknown}
 i - a potion of brilliance {unknown}
 k - a potion of attraction
 o - a potion of lignification {unknown}
 s - 2 potions of might


   Skills:
 - Level 1.5 Dodging
 - Level 2.1 Stealth
 + Level 4.7 Spellcasting
 + Level 2.8 Conjurations
 - Level 6.6 Ice Magic


You had 4 spell levels left.
You knew the following spells:

 Your Spells              Type           Power      Damage    Failure   Level
a - Freeze                Ice            100%       1d11      1%          1
b - Frozen Ramparts       Ice            62%        1d8       2%          3
c - Ozocubu's Armour      Ice            31%        N/A       2%          3
d - Iskenderun's Mystic   Conj/Tloc      10%        2d4       54%         4

Your spell library contained the following spells:

 Spells                   Type           Power      Damage    Failure   Level
 Summon Small Mammal      Summ           16%        N/A       12%         1
 Hailstorm                Conj/Ice       23%        3d7       17%         4
 Dazzling Flash           Conj/Hex       20%        N/A       21%         3
 Call Canine Familiar     Summ           4%         N/A       34%         3
 Confusing Touch          Hex            4%         N/A       34%         3
 Summon Guardian Golem    Hex/Summ       4%         N/A       34%         3
 Yara's Violent Unravell  Hex/Tmut       2%         3d3       97%         5
 Starburst                Conj/Fire      5%         6d4       100%        6
 Enfeeble                 Hex            2%         N/A       100%        7


Dungeon Overview and Level Annotations

Branches:
Dungeon (5/15)
 Temple: D:4-7

Altars:
Qazlal
Vehumet
The Shining One

Annotations:
D:4 exclusion: centaur
D:5 Prince Ribbit


Innate Abilities, Weirdness & Mutations

You are immune to sickness and miasma.
Your stone body is resilient. (AC +4)
You are immune to poison.
You resist negative energy. (rN+)
You are resistant to electric shocks. (rElec)
You are resistant to unholy torment.
You are immune to petrification.
Your mind is acute. (Int +2)
Your flesh is cold resistant. (rC+)
Your body sometimes deteriorates upon taking damage.


Message History

The wall freezes Prince Ribbit!
Prince Ribbit blinks!
The wall freezes the yak!
You closely miss the yak. Your punch misses the yak.
The yak is almost dead.
The frozen ramparts melt away.
Prince Ribbit is no longer moving slowly.
The yak completely misses you.
Casting: Ozocubu's Armour (dangerous; 2% risk of failure)
Confirm with . or Enter, or press ? or * to list all spells.
Casting: Frozen Ramparts (dangerous; 2% risk of failure)
Press: ? - help, Dir - look around, f - activate The walls around you are covered in ice.
The wall freezes the yak.
The yak gores you but does no damage.
The wall freezes the yak. x2
You barely miss the yak.
The yak is moderately wounded.
The wall freezes the yak. x2
You kill the yak!
The wall freezes the yak.
The yak barely misses you.
You feel your strength returning.
You feel your intelligence returning.
Your Conjurations skill increases to level 2!
You hit the yak but do no damage.
The yak is heavily wounded.
The wall freezes the yak!
The yak gores you!
* * * LOW HITPOINT WARNING * * *
The wall freezes the yak!
The yak gores you.
* * * LOW HITPOINT WARNING * * *
Prince Ribbit blinks!
The wall freezes the yak.
The yak gores you but does no damage.
You aren't carrying any items that you can evoke.
You closely miss the yak.
The yak is moderately wounded.
The wall freezes the yak.
The yak gores you but does no damage.
The wall freezes the yak!
The yak gores you but does no damage.
The wall freezes the yak.
The yak gores you.
* * * LOW HITPOINT WARNING * * *
Okay, then.
It was a potion of attraction.
You feel attractive to monsters.
The wall freezes the yak.
The yak gores you!
You die...

......#.##..## #......#..
......##....# #.........
....###.....## .....>....
##..#........## .....F...
##...........##.........
#.............##(.......
##..#...........#).......
#..###.###..##.##Y)......
...###.##.......@#...#...
.......###......YY.###
.##....)...........# .
##...#..........##
.......##..........#
..##...##..........# .
.....#.............
....................
..##..............


You could see Prince Ribbit and 3 yaks.

Vanquished Creatures
  Grinder (D:4)
  A yak (D:5)
  A bullfrog zombie (D:5)
  An orc wizard (D:3)
  A scorpion zombie (D:5)
  A hound skeleton (D:4)
  4 gnolls (D:5)
  3 adders
  2 adder skeletons (D:4)
  A dart slug (D:3)
  9 orcs
  6 bats
  9 endoplasms
  A giant cockroach (D:1)
  3 goblins
  6 hobgoblins
  3 jackals (D:2)
  A kobold (D:2)
  5 quokkas
  3 ball pythons
  4 frilled lizards (D:1)
  4 rats
70 creatures vanquished.

Notes
Turn   | Place    | Note
-------+----------+-------------------------------------------
     0 | D:1      | jjjjhere the Gargoyle Ice Elementalist began the quest for
                  | the Orb.
     0 | D:1      | Reached XP level 1. HP: 10/10 MP: 3/3
   334 | D:1      | Reached XP level 2. HP: 15/15 MP: 1/5
  1233 | D:1      | Reached XP level 3. HP: 17/19 MP: 4/6
  1278 | D:1      | Found a stormy altar of Qazlal.
  1484 | D:2      | Learned a level 3 spell: Frozen Ramparts
  1795 | D:2      | Reached skill level 5 in Ice Magic
  1917 | D:2      | Reached XP level 4. HP: 22/24 MP: 6/8
  2306 | D:2      | Learned a level 3 spell: Ozocubu's Armour
  2774 | D:3      | Found a glowing golden altar of the Shining One.
  2912 | D:3      | Found a faded altar of an unknown god.
  3458 | D:4      | Reached XP level 5. HP: 20/28 MP: 7/9
  3627 | D:4      | Noticed a centaur
  3688 | D:4      | Noticed Grinder
  3698 | D:4      | Paralysed by Grinder for 6 turns
  3711 | D:4      | Paralysed by Grinder for 4 turns
  3715 | D:4      | HP: 7/28 [Grinder (4)]
  3723 | D:4      | Gained mutation: Your flesh is cold resistant. (rC+)
                  | [potion of mutation]
  3723 | D:4      | Gained mutation: Your body sometimes deteriorates upon
                  | taking damage. [potion of mutation]
  3723 | D:4      | Gained mutation: Your mind is acute. (Int +2) [potion of
                  | mutation]
  3728 | D:4      | HP: 8/28 [Grinder (3)]
  3736 | D:4      | Killed Grinder
  3737 | D:4      | Reached skill level 6 in Ice Magic
  3737 | D:4      | Reached XP level 6. HP: 13/32 MP: 8/11
  3922 | D:4      | Found a radiant altar of Vehumet.
  4100 | D:4      | Learned a level 4 spell: Iskenderun's Mystic Blast
  4490 | D:5      | Entered Level 5 of the Dungeon
  4584 | D:5      | Reached skill level 1 in Conjurations
  4745 | D:5      | Noticed a yak
  4745 | D:5      | Noticed a yak
  4745 | D:5      | Noticed a yak
  4745 | D:5      | Noticed Prince Ribbit
  4749 | D:5      | Noticed a yak
  4754 | D:5      | Reached XP level 7. HP: 28/36 MP: 6/13
  4761 | D:5      | Killed a yak
  4762 | D:5      | HP: 10/36 [yak (9)]
  4763 | D:5      | HP: 2/36 [yak (6)]
  4764 | D:5      | Mangled by a yak

Illustrated notes

Levels and vault maps discovered:
D:1:      grunt_arrival_crossed_arrows, layout_loops_corners,
          minmay_misc_feat_pillars, kennysheep_flooded_box
D:2:      layout_basic, minmay_pentomino_r2
D:3:      layout_loops_corners, tso_metal_star, basic_ecumenical_altar
D:4:      layout_basic, mainiacjoe_overflow_alcove_1, kennysheep_minor_cross,
          grunt_ministairs_2, minmay_diced_spiral, uniq_grinder
D:5:      layout_cave_pools, nicolae_shop_sticking_my_neck_out,
          uniq_prince_ribbit1

Skill      XL: |  1  2  3  4  5  6  7 |
---------------+----------------------+-----
Ice Magic      | 5 6 |  6.6
Spellcasting   | 3 4 |  4.7
Conjurations   | 1 2 |  2.8
Dodging        | |  1.5
Stealth        | |  2.1

Action                   |  1- 3 |  4- 6 |  7- 9 || total
-------------------------+-------+-------+-------++-------
Melee: Unarmed           |    11 |       |       ||    11
       Short sword       |    32 |       |       ||    32
       Dagger            |       |    95 |     9 ||   104
 Cast: Freeze            |    37 |     2 |       ||    39
       Frozen Ramparts   |     2 |     9 |     1 ||    12
       Ozocubu's Armour  |       |     2 |       ||     2
Evoke: Wand              |       |     2 |       ||     2
  Use: Potion            |       |     5 |     1 ||     6
 Stab: Sleeping          |     2 |     2 |       ||     4
Armor: Robe              |    20 |    52 |     5 ||    77
Dodge: Dodged            |    31 |    61 |     6 ||    98
